cohdb
Replays
Latest Replays
All Replays
Popular Replays
Top Player Replays
Match Explorer
How It Works
Community
CoH3 Stats
Reddit
Sign in to upload your games and track your stats! →
Sign in with Steam
Match 45681865
Unlisted
Match 45681865
Overview
Messages
Build Orders
End
Pioneer Squad
Selects Italian Coastal Battlegroup
Selects Coastal Reserves
Coastal Reserve
Coastal Reserve
Coastal Reserve
Construct Infanterie Kompanie
Medical Station
Selects Artillery Officer
Artillery Officer
Construct Panzergrenadier Kompanie
Panzergrenadier Squad
Pak 40 Anti-tank Gun Team
Selects Designate Defensive Line
Selects Rapid Fortifications
Rapid Fortifications
Rapid Fortifications
Designate Defensive Line
MG 42 Bunker
Panzergrenadier Squad
Support Elements
StuG III G Assault Gun
Nebelwerfer 42 Rocket Launcher Team
Selects Obice da 210/22 Artillery Emplacement
StuG III G Assault Gun
StuG III G Assault Gun
Pak 40 Anti-tank Gun Team
Pak 40 Anti-tank Gun Team
Coastal Reserve
Selects Call the Reserves!
Call the Reserves!
Rapid Fortifications
Panzergrenadier Squad
StuG III G Assault Gun
From Voodoo to Zen
Timeless
DebaKLeTV
Ashur
0
0
Comments
sign in to comment!
No comments posted yet!